 Dungeon Crawl Stone Soup version 0.28-a0-771-g91a516d0e7 (webtiles) character file.

Game seed: 5735401301685021165

567 kenwiel the Slasher (level 7, -5/46 HPs)
             Began as an Octopode Monk on Nov 1, 2021.
             Slain by a sky beast (6 damage)
             ... on level 5 of the Dungeon.
             The game lasted 00:12:13 (5001 turns).

kenwiel the Slasher (Octopode Monk)                 Turns: 5001, Time: 00:12:16

Health: -5/46      AC:  1    Str:  9 (11) XL:     7   Next: 33%
Magic:  7/7        EV: 15    Int: 10 (12) God:
Gold:   269        SH:  0    Dex: 14 (16) Spells: 6/6 levels left

rFire   . . .      SeeInvis .   a - +2 falchion
rCold   . . .      Faith    .   (no shield)
rNeg    . . .      Spirit   .   (helmet restricted)
rPois   .          Reflect  .   (no amulet)
rElec   .          Harm     .   (no ring)
rCorr   .          Rampage  .   (no ring)
Will    .....                   (no ring)
Stlth   +++.......              (no ring)
HPRegen 0.15/turn               (no ring)
MPRegen 0.10/turn               (no ring)
                                (no ring)
                                (no ring)

@: brilliant, attractive
A: almost no armour, amphibious, 8 rings, camouflage 1, gelatinous body 1,
(nimble swimmer 1), tentacles
a: no special abilities


You were on level 5 of the Dungeon.
You visited 1 branch of the dungeon, and saw 5 of its levels.
You also visited: Sewer.

You collected 269 gold pieces.

Inventory:

Hand Weapons
 a - a +2 falchion (weapon)
 i - a +2 dagger of venom
 j - a +2 quarterstaff of chaos
Magical Staves
 r - a staff of air
Wands
 h - a wand of iceblast (6)
 n - a wand of charming (4)
Scrolls
 b - a scroll of teleportation {unknown}
 c - a scroll of silence {unknown}
 k - a scroll of identify {unknown}
 m - a scroll of fear {unknown}
 o - a scroll of amnesia {unknown}
 p - a scroll of vulnerability {unknown}
 s - a scroll of blinking {unknown}
Potions
 e - a potion of flight {unknown}
 g - 5 potions of curing
 q - a potion of heal wounds {unknown}
 t - a potion of haste
 u - a potion of lignification {unknown}


   Skills:
 - Level 3.0 Fighting
 * Level 6.9 Long Blades
 + Level 5.2 Dodging
 - Level 2.6 Stealth


You had 6 spell levels left.
You didn't know any spells.
Your spell library contained the following spells:

 Spells                   Type           Power      Damage    Failure   Level
 Portal Projectile        Hex/Tloc       0%         N/A       75%         3
 Fulminant Prism          Conj/Hex       0%         3d6       98%         4
 Iskenderun's Mystic Bla  Conj/Tloc      0%         2d3       98%         4
 Blade Hands              Tmut           0%         N/A       100%        5
 Excruciating Wounds      Necr           0%         N/A       100%        5
 Lee's Rapid Deconstruct  Erth           0%         3d5*      100%        5


Dungeon Overview and Level Annotations

Branches:
Dungeon (5/15)              Sewer (visited)
 Temple: D:4-7

Altars:

Shops:
D:4 *


Innate Abilities, Weirdness & Mutations

You cannot wear most types of armour.
You are amphibious.
You can wear up to eight rings at the same time.
Your skin changes colour to match your surroundings (Stealth+).
Your rubbery body absorbs attacks. (AC +1, EV +1)
((You are camouflaged near water. (Stealth+)))
You have tentacles for arms and can constrict up to eight enemies at once.


Message History

Aiming: Iceblast
Press: ? - help, Shift-Dir - straight line The mass of ice explodes!
The iceblast engulfs something!
Aiming: Iceblast
Press: ? - help, Shift-Dir - straight line The mass of ice explodes!
The iceblast engulfs something.
The iceblast engulfs you! Something hits you. Something shocks you.
You closely miss something. Something hits you. Something shocks you.
Something hits you. Something shocks you.
* * * LOW HITPOINT WARNING * * *
It was a potion of brilliance.
You feel clever all of a sudden.
It was a potion of attraction.
You feel attractive to monsters. Something hits you.
* * * LOW HITPOINT WARNING * * *
Something shocks you.
* * * LOW HITPOINT WARNING * * *
Aiming: Charm
Press: ? - help, Shift-Dir - straight line, f - scorpion
Aim: a scorpion (chance to affect: 46%) Nothing appears to happen.
Something closely misses you.
It was a potion of degeneration.
There was something very wrong with that liquid.
You feel weakened.
You feel dopey.
You feel clumsy. Something hits you but does no damage.
Something hits you but does no damage. The scorpion is attracted toward you.
A sky beast comes into view.
The scorpion is attracted toward you. The sky beast is attracted toward you.
Something is attracted toward you. The sky beast is attracted toward you.
The scorpion is attracted toward you.
A sky beast appears from thin air!
Reactivating autopickup.
The sky beast flickers out of sight!
Deactivating autopickup; reactivate with Ctrl-A.
Something hits you.
* * * LOW HITPOINT WARNING * * *
Something shocks you.
You die...

#......# #........ #
#......# #........ .#
#.[....# #........
.#####......####........
......................>#
.####.......####.......#
.#..........# ##.......#
##..........# #........#
#..........# #.@......#
##..........# #.Y{.....#
............# #.s.§....#
.......########§......§.
....#.## #§.§........
....#.# #.####......
....#.#######.####......
.#..#.##................
....# #.......(........


You could see a sky beast and a scorpion.

Vanquished Creatures
  A bullfrog (Sewer)
  A kobold brigand (D:5)
  Crazy Yiuf (D:2)
  2 hounds (D:4)
  Jessica (D:2)
  3 gnolls (D:4)
  9 adders
  A worm (D:2)
  4 dart slugs
  4 orcs (D:4)
  6 ball pythons
  8 bats
  4 endoplasms
  12 giant cockroaches
  6 goblins
  5 hobgoblins
  4 jackals (D:4)
  8 quokkas
  7 frilled lizards
  9 kobolds
  5 rats
101 creatures vanquished.

Vanquished Creatures (collateral kills)
  A bullfrog (Sewer)
  A goblin (D:4)
2 creatures vanquished.

Vanquished Creatures (others)
  An orc (D:4)
  A quokka (D:4)
2 creatures vanquished.

Grand Total: 105 creatures vanquished

Notes
Turn   | Place    | Note
-------+----------+-------------------------------------------
     0 | D:1      | kenwiel the Octopode Monk began the quest for the Orb.
     0 | D:1      | Reached XP level 1. HP: 16/16 MP: 1/1
    36 | D:1      | Reached XP level 2. HP: 7/21 MP: 2/2
   769 | D:2      | Reached XP level 3. HP: 18/26 MP: 3/3
  1167 | D:2      | Reached skill level 4 in Long Blades
  1296 | D:2      | Reached XP level 4. HP: 20/31 MP: 4/4
  1789 | D:2      | Noticed Jessica
  1793 | D:2      | Killed Jessica
  1829 | D:2      | Found a runed translucent door.
  1830 | D:2      | Noticed Crazy Yiuf
  1836 | D:2      | Killed Crazy Yiuf
  1837 | D:2      | Reached skill level 5 in Long Blades
  1837 | D:2      | Reached XP level 5. HP: 20/36 MP: 5/5
  2673 | D:4      | Found a glowing drain.
  2882 | Sewer    | Entered a sewer
  3301 | Sewer    | Reached XP level 6. HP: 42/42 MP: 6/6
  3402 | Sewer    | Killed a bullfrog
  3403 | Sewer    | Reached skill level 6 in Long Blades
  4200 | D:4      | Reached skill level 5 in Dodging
  4200 | D:4      | Reached XP level 7. HP: 41/46 MP: 7/7
  4235 | D:4      | Found Hiet Emo's Neck Hole.
  4745 | D:5      | Entered Level 5 of the Dungeon
  5001 | D:5      | HP: 1/46 [something (4)]
  5001 | D:5      | Slain by a sky beast

Illustrated notes

Levels and vault maps discovered:
D:1:      tarquinn_simple_flora_water_e, layout_rooms, minmay_stone_trees_small
D:2:      layout_rooms, chequers_serial_rivers_marsh, corexii_leaking_fountain,
          uniq_jessica, uniq_crazy_yiuf_cottage
D:3:      layout_loops_ring
D:4:      layout_basic, portal_sewer_entry_f, nicolae_shop_sticking_my_neck_out
D:5:      layout_basic, st_stairs_13

Skill      XL: |  1  2  3  4  5  6 |
---------------+-------------------+-----
Long Blades    | 4 5 6 |  6.9
Dodging        | 4 5 |  5.2
Fighting       | |  3.0
Stealth        | |  2.6

Action                   |  1- 3 |  4- 6 |  7- 9 || total
-------------------------+-------+-------+-------++-------
Melee: Falchion          |    69 |    95 |    36 ||   200
       Constrict         |    18 |    32 |     8 ||    58
       Tentacles         |    12 |    20 |     9 ||    41
       Dagger            |       |    27 |       ||    27
Evoke: Wand              |       |     3 |     3 ||     6
  Use: Scroll            |       |     2 |       ||     2
       Potion            |       |     2 |     3 ||     5
 Stab: Sleeping          |     9 |    19 |       ||    28
       Distracted        |       |     1 |       ||     1
Armor: Skin              |    12 |     5 |     2 ||    19
Dodge: Dodged            |    52 |    76 |    25 ||   153

Table legend: (Time is in decaauts)
 A = Elapsed time spent in this place.
 B = Non-inter-level travel time spent in this place.
 C = Inter-level travel time spent in this place.
 D = Time resting spent in this place.
 E = Time spent auto-exploring this place.
 F = Levels seen in this place.
 G = Mean time per level.
                   A        B        C        D        E       F      G
               +--------+--------+--------+--------+--------+-----+--------+
         Total |   4987 |   4934 |     53 |   1792 |   2359 |   6 |  831.2 |
       Dungeon |   4179 |   4126 |     53 |   1248 |   2230 |   5 |  835.8 |
         Sewer |    807 |    807 |      0 |    544 |    129 |   1 |  807.0 |
               +--------+--------+--------+--------+--------+-----+--------+

Top non-repeatable levels by time:
     D:4: 1094 daAuts
     D:2: 1034 daAuts
     D:1: 1016 daAuts
   Sewer: 807 daAuts
     D:3: 779 daAuts
     D:5: 255 daAuts
